 Dungeon Crawl Stone Soup version 0.25.0-26-g0c896c7088 (webtiles) character file.

Game seed: 1913828554566759503

119 protoss039 the Covert (level 4, 0/26 HPs)
             Began as a Vampire Assassin on July 3, 2020.
             Slain by a bullfrog (4 damage)
             ... on level 3 of the Dungeon.
             The game lasted 00:06:32 (3016 turns).

protoss039 the Covert (Vampire Assassin)            Turns: 3016, Time: 00:06:32

Health: 0/26       AC:  0    Str:  8 (10) XL:     4   Next: 73%
Magic:  0/4        EV: 19    Int: 11 (13) God:
Gold:   90         SH:  0    Dex: 19 (21) Spells: 1/3 levels left

rFire    . . .     SeeInvis +   (weapon currently unavailable)
rCold    + + .     Gourm    .   (shield currently unavailable)
rNeg     + + +     Faith    .   (armour currently unavailable)
rPois    ∞         Spirit   .   (helmet currently unavailable)
rElec    .         Reflect  .   (cloak currently unavailable)
rCorr    .         Harm     .   (gloves currently unavailable)
MR       .....                  (boots currently unavailable)
Stlth    ++++++....             (no amulet)
HPRegen  0.00/turn              (ring currently unavailable)
MPRegen  0.09/turn              (ring currently unavailable)

@: bat-form, flying, bloodless, very quick
A: tiny, no food, fangs 3, see invisible
a: Revivify, End Transformation


You were on level 3 of the Dungeon.
You were bloodless.
You were in vampire-bat-form.
You visited 1 branch of the dungeon, and saw 3 of its levels.

You collected 90 gold pieces.

Inventory:

Hand Weapons
 a - a +2 dagger (melded)
Missiles
 d - 15 poisoned darts (quivered)
 e - 2 curare-tipped darts
Armour
 b - a +0 robe (melded)
 c - a +0 cloak (melded)
Jewellery
 h - an uncursed ring of protection from magic {unknown}
 j - a +4 ring of evasion (melded)
 w - a cursed -4 ring of intelligence {unknown}
Scrolls
 f - a scroll of enchant armour {unknown}
 i - a scroll of amnesia {unknown}
 k - a scroll of magic mapping {unknown}
 o - 2 scrolls of immolation {unknown}
 p - a scroll of blinking {unknown}
 q - 2 scrolls of remove curse {unknown}
 t - a scroll of teleportation {unknown}
 u - 2 scrolls of identify
Potions
 g - a potion of mutation
 l - a potion of curing {unknown}
 m - a potion of magic {unknown}
 n - a potion of heal wounds {unknown}
 r - 2 potions of degeneration {unknown}
 s - a potion of lignification {unknown}
 v - a potion of haste {unknown}


   Skills:
 + Level 2.0 Fighting
 + Level 3.5 Short Blades
 + Level 1.5 Throwing
 + Level 1.4 Dodging
 + Level 8.1 Stealth


You had one spell level left.
You knew the following spells:

 Your Spells              Type           Power        Failure   Level  Hunger
a - Corona                Hex            #......      34%         1    N/A
b - Apportation           Tloc           #.....       34%         1    N/A

Your spell library contained the following spells:

 Spells                   Type           Power        Failure   Level  Hunger
 Animate Skeleton         Necr           N/A          34%         1    N/A
 Summon Small Mammal      Summ           #...         34%         1    N/A

Dungeon Overview and Level Annotations

Branches:
Dungeon (3/15)

Altars:
Xom


Innate Abilities, Weirdness & Mutations

You do not eat.
You do not regenerate when monsters are visible.
You are frail without blood (-20% HP).
You can heal yourself when you bite living creatures.
You are immune to poison.
You have razor-sharp teeth.
You have supernaturally acute eyesight. (SInv)
((You can survive without breathing.))


Message History

The bullfrog is lightly wounded.
The bullfrog hits you.
The bullfrog hits you but does no damage.
Unknown command.
Unknown command.
Okay, then.
The bullfrog barely misses you. The bullfrog hits you.
* * * LOW HITPOINT WARNING * * *
You fail to use your ability.
The bullfrog closely misses you. The bullfrog barely misses you.
Unknown command.
Unknown command.
Unknown command.
You turn into a vampire bat.
Your +2 dagger melds into your body.
Your +0 cloak melds into your body.
Your +0 robe melds into your body.
Your +4 ring of evasion melds into your body.
You feel weakened.
You feel dopey.
You feel clumsy. The bullfrog hits you.
You die...

###.##.# #..#.### #.
#.##.###....# ##.
##.##.##...### ##.>
#...).##..### ##..#
##.##........# #..##
#...#........# ##..#8
#............# ##...'.
#...##F....### #..###8
#####...##b##..######.##
##
#.......##.##....).##.#
#
#.......##.###.###.##.#
### #.......##.# #.#
#....# ..# #.......##.#
#.###...## #.##
#.....[....# #.#...#..#
#..## #....##....#
#)..####.# #...#
#....##....# #.###
#.#####
#†..###....###...###.#
#.....(


You could see a bullfrog (corona).

Vanquished Creatures
  Crazy Yiuf (D:2)
  3 adders
  4 worms
  A dart slug (D:1)
  A leopard gecko (D:1)
  An orc (D:3)
  4 giant cockroaches
  5 goblins
  6 hobgoblins
  2 jackals (D:2)
  A quokka (D:3)
  A ball python (D:2)
  6 bats
  2 frilled lizards
  7 kobolds
  4 rats
49 creatures vanquished.

Notes
Turn   | Place    | Note
-------+----------+-------------------------------------------
     0 | D:1      | protoss039 the Vampire Assassin began the quest for the
                  | Orb.
     0 | D:1      | Reached XP level 1. HP: 16/16 MP: 1/1
    97 | D:1      | Reached skill level 6 in Stealth
   405 | D:1      | Reached XP level 2. HP: 9/17 MP: 2/2
   986 | D:1      | Reached skill level 7 in Stealth
  1250 | D:2      | Reached XP level 3. HP: 19/21 MP: 3/3
  1359 | D:2      | Found a shimmering altar of Xom.
  2173 | D:2      | Found a runed translucent door.
  2174 | D:2      | Noticed Crazy Yiuf
  2373 | D:2      | Killed Crazy Yiuf
  2373 | D:2      | Reached XP level 4. HP: 26/26 MP: 4/4
  2654 | D:3      | Noticed a bullfrog
  2665 | D:3      | Reached skill level 8 in Stealth
  2899 | D:3      | Learned a level 1 spell: Corona
  2901 | D:3      | Learned a level 1 spell: Apportation
  2955 | D:3      | Found a shadowy altar of Dithmenos.
  2957 | D:3      | Found a shimmering altar of Xom.
  2957 | D:3      | Found a glowing golden altar of the Shining One.
  2959 | D:3      | Found a stormy altar of Qazlal.
  2959 | D:3      | Found a burning altar of Makhleb.
  2959 | D:3      | Found a burning altar of Makhleb.
  3016 | D:3      | Slain by a bullfrog

Illustrated notes

Levels and vault maps discovered:
D:1:      onia_arrival_mini_maze_b, layout_basic, minmay_octomino_e4
D:2:      layout_loops_ring, old_standard_altar, first_ration,
          uniq_crazy_yiuf_cottage
D:3:      layout_rooms, doesnt_xom_only_xom

Skill      XL: |  1  2  3  4 |
---------------+-------------+-----
Stealth        | 6 7 8 |  8.1
Short Blades   | 3 |  3.5
Fighting       | 2 |  2.0
Throwing       | |  1.5
Dodging        | |  1.4

Action                   |  1- 3 |  4- 6 || total
-------------------------+-------+-------++-------
Melee: Dagger            |    68 |    52 ||   120
       Bite              |     7 |     2 ||     9
 Cast: Corona            |       |     3 ||     3
 Abil: Exsanguinate      |     1 |       ||     1
       Bat Form          |       |     1 ||     1
  Use: Scroll            |       |     2 ||     2
 Stab: Sleeping          |    20 |     6 ||    26
       Distracted        |     2 |       ||     2
Armor: Robe              |    13 |     3 ||    16
Dodge: Dodged            |    19 |    31 ||    50
